 Dungeon Crawl Stone Soup version 0.31-a0-187-gba352fbbf7 (webtiles) character file.

Game seed: 14914018533261548562

81 qw the Shooter (level 4, 0/25 HPs)
             Began as a Deep Elf Hunter on June 22, 2023.
             Was an Initiate of Okawaru.
             Slain by an adder (1 damage)
             ... on level 3 of the Dungeon.
             The game lasted 00:00:40 (1872 turns).

qw the Shooter (Deep Elf Hunter)                    Turns: 1872, Time: 00:00:40

Health: 0/25       AC:  4    Str: 10    XL:     4   Next: 20%
Magic:  6/6        EV: 12    Int: 14    God:    Okawaru [......]
Gold:   159        SH:  0    Dex: 18    Spells: 3/3 levels left

rFire   . . .        Y - +0 shortbow
rCold   . . .        (shield currently unavailable)
rNeg    . . .        c - +0 leather armour
rPois   .            (no helmet)
rElec   .            (no cloak)
rCorr   .            g - +0 pair of gloves
SInv    .            (no boots)
Will    .....        (no amulet)
Stlth   ++           (no ring)
HPRegen 0.24/turn    (no ring)
MPRegen 0.10/turn

%: no passive effects
@: no status effects
A: no striking features
a: Renounce Religion


You were on level 3 of the Dungeon.
You worshipped Okawaru.
Okawaru was noncommittal.
You visited 1 branch of the dungeon, and saw 3 of its levels.

You collected 159 gold pieces.


   Skills:
 - Level 1.5 Fighting
 + Level 7.6 Ranged Weapons
 - Level 2.4 Dodging
 - Level 1.2 Stealth


You had 3 spell levels left.
You didn't know any spells.
Your spell library was empty.

Inventory:

Hand Weapons
 Y - a +0 shortbow (weapon)
Armour
 b - the +0 pair of gloves of Experimentation {Rampage Int+2 Dex-4}
   (You found it on level 3 of the Dungeon)

   Int:       It affects your intelligence (+2).
   Dex:       It affects your dexterity (-4).
   Rampage:   It bestows one free step when moving towards enemies.
 c - a +0 leather armour (worn)
 g - a +0 pair of gloves (worn)
Wands
 j - a wand of digging (2)
Scrolls
 a - 2 scrolls of identify
 d - a scroll of poison {unknown}
 k - a scroll of torment {unknown}
 n - a scroll of fear {unknown}
Potions
 e - a potion of enlightenment {unknown}
 f - a potion of magic {unknown}
 h - a potion of cancellation {unknown}
 i - a potion of mutation {unknown}
 l - a potion of haste {unknown}
 m - a potion of curing {unknown}

Dungeon Overview and Level Annotations

Branches:
Dungeon (3/15)

Altars:
Okawaru
Sif Muna


Message History

The adder poisons you!
You shoot an arrow. The arrow hits the adder.
The adder is almost dead.
You feel very sick. The adder closely misses you. x2
You shoot an arrow. The arrow misses the adder.
The arrow hits the adder.
The adder is lightly wounded.
You feel sick. The adder bites you but does no damage. The adder bites you.
The adder bites you but does no damage.
You shoot an arrow.
The arrow hits the adder but does no damage.
The adder is almost dead.
You feel sick. The adder bites you.
A rat comes into view.
The adder barely misses you. The adder closely misses you. The adder bites you.
You shoot an arrow. The arrow barely misses the adder.
You feel sick. The adder completely misses you. The adder closely misses you.
The adder bites you but does no damage. The adder barely misses you. x2
You shoot an arrow. The arrow misses the adder.
You feel sick.
The adder bites you but does no damage. x2
The adder closely misses you.
You shoot an arrow. The arrow misses the adder.
You feel sick.
The adder barely misses you. x2; The adder bites you.
The adder misses you.
You shoot an arrow. The arrow hits the adder.
You kill the adder!
Okawaru accepts your kill.
You feel sick. The adder bites you. The adder bites you but does no damage.
The adder bites you.
You shoot an arrow. The arrow misses the adder.
The arrow hits the rat.
You kill the rat!
Okawaru accepts your kill.
You feel sick.
You are no longer poisoned.
The adder bites you but does no damage. The adder closely misses you.
The adder misses you.
You shoot an arrow. The arrow hits the adder.
The adder is lightly wounded.
The adder bites you.
You die...

#...##.......
#............
##............
#......#.....#
####.##...#......
#....######....(.
#.#### #......
##.# ###.... #@%#
#.... #SS## #....
#.r. #.... #...~#
#...~# #..~~~
#...~#~


You could see 2 adders and a rat.

Vanquished Creatures
  4 adders (D:3)
  A dart slug (D:1)
  An orc (D:3)
  4 bats
  3 endoplasms (D:2)
  A giant cockroach (D:3)
  A goblin (D:1)
  3 hobgoblins
  5 jackals
  3 kobolds (D:2)
  A quokka (D:2)
  5 ball pythons
  3 frilled lizards
  9 rats
44 creatures vanquished.

Notes
Turn   | Place    | Note
-------+----------+-------------------------------------------
     0 | D:1      | qw the Deep Elf Hunter began the quest for the Orb.
     0 | D:1      | Reached XP level 1. HP: 12/12 MP: 3/3
     0 | D:1      | 0 ||| qw: Version: 0.3-a-9-g12657ce
     0 | D:1      | 0 ||| qw: Game counter: 1982
     0 | D:1      | 0 ||| qw: Always use a shield: true
     0 | D:1      | 0 ||| qw: God list: Okawaru
     0 | D:1      | 0 ||| qw: Allow faded altars: false
     0 | D:1      | 0 ||| qw: Do Orc after D:15 true
     0 | D:1      | 0 ||| qw: Do second Lair branch before Depths: true
     0 | D:1      | 0 ||| qw: Lair rune preference: random
     0 | D:1      | 0 ||| qw: Plans: Normal
     0 | D:1      | 0 ||| PLANNING D:1-11
   250 | D:1      | Reached XP level 2. HP: 16/16 MP: 4/4
   269 | D:1      | Reached skill level 6 in Ranged Weapons
   355 | D:1      | 355 ||| FLEEEEING.
   356 | D:1      | 356 ||| FLEEEEING.
   363 | D:1      | 363 ||| FLEEEEING.
   610 | D:1      | 610 ||| UPGRADING to +0 pair of gloves.
   615 | D:1      | 615 ||| DROPPING +6 ring of intelligence.
   616 | D:1      | 616 ||| READING 3 scrolls labelled REPLICEYSE.
   617 | D:1      | 617 ||| READING 2 scrolls of identify.
   617 | D:1      | 617 ||| IDENTIFYING silvery potion
   618 | D:1      | 618 ||| DROPPING scroll of butterflies.
   619 | D:1      | 619 ||| DROPPING potion of ambrosia.
   663 | D:2      | Found an iron altar of Okawaru.
   664 | D:2      | 664 ||| PLANNING OKAWARU WORSHIP
   670 | D:2      | Became a worshipper of Warmaster Okawaru
   671 | D:2      | 671 ||| PLANNING D:1-11
   879 | D:2      | Reached XP level 3. HP: 20/20 MP: 5/5
  1474 | D:2      | 1474 ||| READING scroll labelled EXYITZICVEE.
  1475 | D:2      | 1475 ||| READING scroll labelled GEFYRCH PAMUPP.
  1480 | D:2      | 1480 ||| READING 3 scrolls of identify.
  1480 | D:2      | 1480 ||| IDENTIFYING lumpy clear potion
  1481 | D:2      | 1481 ||| READING 2 scrolls of identify.
  1481 | D:2      | 1481 ||| IDENTIFYING fuming ruby potion
  1482 | D:2      | 1482 ||| DROPPING potion of lignification.
  1483 | D:2      | 1483 ||| DROPPING potion of degeneration.
  1497 | D:3      | 1497 ||| PLANNING SEWER
  1594 | D:3      | Reached skill level 7 in Ranged Weapons
  1607 | D:3      | Identified the +0 pair of gloves of Experimentation
                  | {Rampage Int+2 Dex-4}
  1765 | D:3      | Found a shimmering blue altar of Sif Muna.
  1862 | D:3      | Reached XP level 4. HP: 25/25 MP: 6/6
  1869 | D:3      | HP: 6/25 [poisoned by an adder]
  1870 | D:3      | HP: 2/25 [adder (2)]
  1872 | D:3      | Slain by an adder

Levels and vault maps discovered:
D:1:      dpeg_arrival_signposts, layout_basic
D:2:      layout_basic, basic_altar, kennysheep_generic_room_15
D:3:      layout_basic, amcnicky_altar_gilded, lightli_sewer_entry_pipes,
          nicolae_elevator_lobby_plus

Skill      XL: |  1  2  3 |
---------------+----------+-----
Ranged Weapons | 6 7 |  7.6
Fighting       | |  1.5
Dodging        | |  2.4
Stealth        | |  1.2

Action                     |  1- 3 |  4- 6 || total
---------------------------+-------+-------++-------
   Fire: Shortbow          |   109 |    11 ||   120
    Use: Scroll            |     6 |       ||     6
 Armour: Leather armour    |     2 |     7 ||     9
  Dodge: Dodged            |    15 |    17 ||    32

Table legend:
 A = Non-vault XP
 B = Vault XP
 C = Vault XP percentage of total XP
 D = Non-vault monster count
 E = Vault monster count
 F = Vault count percentage of total count
                 A         B        C        D         E       F
            +---------+---------+-------+---------+---------+-------
      Total |      88 |      29 |  24.8 |      40 |       4 |   9.1
            +---------+---------+-------+---------+---------+-------
        D:1 |      26 |       0 |   0.0 |      16 |       0 |   0.0
        D:2 |      25 |       1 |   3.8 |      16 |       1 |   5.9
        D:3 |      37 |      28 |  43.1 |       8 |       3 |  27.3
            +---------+---------+-------+---------+---------+-------
